 Dungeon Crawl Stone Soup version 0.32-a0-599-gba8f9cf90e (webtiles) character file.

Game seed: 14776996327641351214

2521 anacleto the Mimic (level 9, 0/83 HPs)
             Began as a Troll Shapeshifter on Mar 2, 2024.
             Was a Follower of the Shining One.
             Slain by a wyvern (6 damage)
             ... on level 8 of the Dungeon.
             The game lasted 00:13:46 (6444 turns).

anacleto the Mimic (Troll Shapeshifter)             Turns: 6444, Time: 00:13:46

Health: 0/83       AC:  5    Str: 28    XL:     9   Next: 29%
Magic:  8/8        EV: 10    Int:  6    God:    the Shining One [*.....]
Gold:   285        SH:  0    Dex:  9    Spells: 8/8 levels left

rFire   . .          .
                       - Unarmed
rCold   . . .        (no shield)
rNeg    . . .        a - +1 animal skin
rPois   .            (helmet currently unavailable)
rElec   .            (cloak currently unavailable)
rCorr   +            (gloves unavailable)
SInv    .            (boots unavailable)
Will    .....        (no amulet)
Stlth   +            i - ring of resist corrosion
HPRegen 1.13/turn    (no ring)
MPRegen 0.11/turn

%: no passive effects
@: mighty, beast-form, glowing
A: beast (slay +4), large, unfitting armour, claws 3, regeneration 1, shaggy fur
1, tough skin 1
a: Begin Untransformation, Renounce Religion, Divine Shield


You were on level 8 of the Dungeon.
You worshipped the Shining One.
The Shining One was aware of your devotion.
You were a hulking beast.
You visited 2 branches of the dungeon, and saw 9 of its levels.

You collected 285 gold pieces.

Inventory:

Missiles
 m - 15 poisoned darts (quivered)
Armour
 a - a +1 animal skin (worn)
Jewellery
 i - a ring of resist corrosion (left claw)
Talismans
 c - a beast talisman (active)
 d - a flux talisman
 q - a blade talisman
Wands
 s - a wand of flame (4)
 t - a wand of mindburst (7)
 x - a wand of polymorph (20)
 y - a wand of quicksilver (8)
Scrolls
 b - a scroll of enchant armour
 e - a scroll of blinking {unknown}
 g - 4 scrolls of identify {unknown}
 h - 2 scrolls of silence {unknown}
 j - a scroll of noise {unknown}
 l - a scroll of revelation {unknown}
 p - 2 scrolls of fog {unknown}
 r - 2 scrolls of poison {unknown}
 v - a scroll of enchant weapon {unknown}
Potions
 n - a potion of degeneration {unknown}
 o - 2 potions of enlightenment {unknown}
 u - a potion of mutation {unknown}
 w - a potion of resistance {unknown}


   Skills:
 - Level 3.2 Fighting
 - Level 2.8 Throwing
 - Level 3.5 Dodging
 - Level 4.9 Unarmed Combat
 * Level 9.7 Shapeshifting


You had 8 spell levels left.
You didn't know any spells.
Your spell library contained the following spells:

 Spells                   Type           Power      Damage    Failure   Level
 Shock                    Conj/Air       0%         1d3       45%         1
 Sting                    Conj/Alch      0%         1d3       45%         1
 Call Imp                 Summ           0%         N/A       58%         2
 Mercury Vapours          Alch/Air       0%         N/A       58%         2
 Sublimation of Blood     Necr           0%         N/A       58%         2
 Dazzling Flash           Conj/Hex       0%         N/A       83%         3
 Hailstorm                Conj/Ice       0%         3d5       83%         3
 Mephitic Cloud           Conj/Alch/Air  0%         N/A       83%         3
 Summon Ice Beast         Ice/Summ       0%         N/A       83%         3
 Swiftness                Air            0%         N/A       83%         3
 Airstrike                Air            0%         2d(0-16)  99%         4
 Olgreb's Toxic Radiance  Alch           0%         N/A       99%         4
 Curse of Agony           Necr           0%         N/A       100%        5
 Silence                  Hex/Air        0%         N/A       100%        5
 Sculpt Simulacrum        Ice/Alch       0%         N/A       100%        6
 Summon Hydra             Summ           0%         N/A       100%        7


Dungeon Overview and Level Annotations

Branches:
Dungeon (8/15)             Temple (1/1) D:6
   Lair: D:8-11

Altars:
Ashenzari
Cheibriados
Dithmenos
Elyvilon
Gozag
Hepliaklqana
Kikubaaqudgha
Nemelex Xobeh
Okawaru
Qazlal
Ru
Sif Muna
Trog
Uskayaw
Vehumet
Wu Jian
Xom
Yredelemnul
Zin
The Shining One

Shops:
D:5 *

Annotations:
D:3 1 runed translucent door, SacredChao's ghost, amateur CoBr


Innate Abilities, Weirdness & Mutations

You are a hulking beast.
Your limbs bulge with bestial killing power. (Slay +4)
You are too large for most types of armour.
You have claws for hands.
Your natural rate of healing is unusually fast.
You are covered in fur. (AC +1)
You have tough skin. (AC +1)


Message History

You scratch the killer bee.
The killer bee is moderately wounded.
You feel very sick. The killer bee stings you.
* * * LOW HITPOINT WARNING * * *
The killer bee barely misses you.
You scratch the killer bee.
The killer bee is severely wounded.
You feel very sick.
The killer bee stings you but does no damage.
The killer bee closely misses you.
You claw the killer bee!
You kill the killer bee!
You feel sick.
You start resting.
You feel sick. x8
You are no longer poisoned.
A wyvern comes into view.
You feel better.
The wyvern hisses angrily.
You scratch the wyvern. You claw the wyvern.
The wyvern is moderately wounded.
The wyvern bites you!
* * * LOW HITPOINT WARNING * * *
You scratch the wyvern but do no damage.
The wyvern is moderately wounded.
The wyvern bites you.
* * * LOW HITPOINT WARNING * * *
The wyvern bites you.
* * * LOW HITPOINT WARNING * * *
You barely miss the wyvern.
The wyvern is moderately wounded.
The wyvern closely misses you.
You claw the wyvern!
The wyvern is severely wounded.
The wyvern bites you!
* * * LOW HITPOINT WARNING * * *
It was a potion of might.
You feel very mighty all of a sudden. The wyvern bites you.
You die...

#####.##..######
#..........#...##
#.....####..[...#
#.### #.....#
......# #....
#.....# .....#
####. #.....#
..... #. #.#####
#..# #..
#.##########..#
#.
#........hk...#
#.
#############.# .
..# .. ###


You could see a wyvern.

Vanquished Creatures
  Pikel (D:5)
  Sigmund (D:6)
  An ice beast (D:6)
  3 ogres
  A kobold brigand (D:7)
  A bullfrog (D:6)
  4 wights (D:7)
  4 killer bees (D:8)
  2 howler monkeys (D:7)
  3 electric eels (D:6)
  A crimson imp (D:6)
  A hound (D:7)
  A jelly (D:5)
  5 bombardier beetles
  5 orc priests
  3 iguanas
  3 sleepcaps
  3 orc wizards
  4 gnolls (D:5)
  6 adders
  4 white imps
  3 dart slugs (D:4)
  20 orcs
  5 ball pythons
  5 bats
  4 endoplasms
  A giant cockroach (D:1)
  6 hobgoblins
  2 quokkas
  A frilled lizard (D:3)
  6 goblins
  12 kobolds
  5 rats
127 creatures vanquished.

Notes
Turn   | Place    | Note
-------+----------+-------------------------------------------
     0 | D:1      | anacleto the Troll Shapeshifter began the quest for the
                  | Orb.
     0 | D:1      | Reached XP level 1. HP: 18/18 MP: 0/0
   246 | D:1      | Reached skill level 1 in Fighting
   252 | D:1      | Reached XP level 2. HP: 27/27 MP: 1/1
   449 | D:1      | You fall into a shaft and drop 1 floor!
   491 | D:2      | Reached XP level 3. HP: 33/33 MP: 2/2
   551 | D:2      | Found a faded altar of an unknown god.
   552 | D:2      | Noticed a golden eye
   554 | D:2      | Noticed a shining eye
   554 | D:2      | Noticed a shining eye
   554 | D:2      | Noticed a shining eye
  1443 | D:3      | Reached XP level 4. HP: 32/41 MP: 3/3
  1749 | D:3      | Found a runed translucent door.
  1754 | D:3      | Noticed SacredChao's ghost (amateur CoBr)
  2213 | D:4      | Reached skill level 4 in Shapeshifting
  2244 | D:4      | Reached XP level 5. HP: 49/49 MP: 4/4
  2308 | D:4      | Noticed an ogre
  2315 | D:4      | Killed an ogre
  2316 | D:4      | Reached skill level 1 in Throwing
  2376 | D:4      | Reached XP level 6. HP: 52/57 MP: 5/5
  2891 | D:5      | Entered Level 5 of the Dungeon
  3007 | D:5      | Found an opulent altar of Gozag.
  3007 | D:5      | Found Gozag's Platinum Reserve.
  3136 | D:5      | HP: 1/59 [acid (5)]
  3188 | D:5      | Reached skill level 5 in Shapeshifting
  3188 | D:5      | Reached XP level 7. HP: 48/66 MP: 6/6
  3297 | D:5      | Found a shimmering altar of Xom.
  3304 | D:5      | Found a shadowy altar of Dithmenos.
  3311 | D:5      | Found a white marble altar of Elyvilon.
  3311 | D:5      | Found a shimmering blue altar of Sif Muna.
  3320 | D:5      | Found an iron altar of Okawaru.
  3683 | D:5      | Noticed Pikel
  3690 | D:5      | Killed Pikel
  3691 | D:5      | Reached XP level 8. HP: 29/75 MP: 7/7
  3793 | D:5      | Reached skill level 6 in Shapeshifting
  4126 | D:6      | Noticed Sigmund
  4269 | D:6      | Killed Sigmund
  4270 | D:6      | Reached skill level 7 in Shapeshifting
  4402 | D:6      | Found a staircase to the Ecumenical Temple.
  4450 | D:6      | Found a sacrificial altar of Ru.
  4473 | Temple   | Entered the Ecumenical Temple
  4482 | Temple   | Became a worshipper of the Shining One
  4844 | D:6      | Reached skill level 8 in Shapeshifting
  5167 | D:7      | HP: 3/71 [wight/+3 spear (2)]
  5287 | D:7      | Reached * piety under the Shining One
  5330 | D:7      | Reached XP level 9. HP: 77/79 MP: 8/8
  5563 | D:7      | Reached skill level 9 in Shapeshifting
  5741 | D:7      | Found a snail-covered altar of Cheibriados.
  5954 | D:7      | Noticed a komodo dragon
  5979 | D:7      | HP: 3/82 [komodo dragon (27)]
  6444 | D:8      | Slain by a wyvern

Illustrated notes

Levels and vault maps discovered:
D:1:      amcnicky_arrival_single_pillar, layout_loops_cross
D:2:      kennysheep_big_flooded_room, layout_loops_ring,
          hellmonk_ecumenical_altar_watching_god
D:3:      layout_loops_cross, ebering_ghost_sewer_d, minmay_diced_spiral
D:4:      layout_basic, uniq_eustachio
D:5:      layout_basic, nicolae_gozag_zags_fifth_avenue,
          nicolae_overflow_hallway_of_the_gods, serial_co_window_serial,
          co_window_corner_a, co_window_paths_b, co_window_paths_b,
          co_window_corner_a, co_window_paths_b, co_window_2corner,
          co_window_of_opportunity_c, co_window_broadway_b, co_window_4corner_b,
          glass_columns_a, glass_columns_a, glass_columns_c, glass_columns_a,
          uniq_pikel
D:6:      layout_rooms, nicolae_ru_awakened_eye, minmay_temple_entry_arrows,
          serial_bayou, serial_bayou_pond_d, serial_bayou_pond_d,
          serial_bayou_shore_b, serial_bayou_lagoon_b, minmay_fire_ice_demons,
          uniq_sigmund
D:7:      layout_cave_pods, mainiacjoe_overflow_catwalk
D:8:      layout_basic
Temple:   hellmonk_temple_flake

Skill      XL: |  1  2  3  4  5  6  7  8  9 |
---------------+----------------------------+-----
Fighting       | 1 2 3 |  3.2
Dodging        | 2 3 |  3.5
Shapeshifting  | 4 5 8 9 |  9.7
Throwing       | 1 2 |  2.8
Unarmed Combat | 4 |  4.9

Action                     |  1- 3 |  4- 6 |  7- 9 || total
---------------------------+-------+-------+-------++-------
  Melee: Unarmed           |    85 |    96 |   165 ||   346
         Punch             |       |     1 |     9 ||    10
  Throw: Dart              |       |    10 |     5 ||    15
  Evoke: Wand              |       |       |     1 ||     1
    Use: Potion            |       |     3 |     6 ||     9
         Scroll            |       |       |     5 ||     5
 Armour: Animal skin       |    53 |    47 |   127 ||   227
         Skin              |       |    37 |       ||    37
  Dodge: Dodged            |    37 |    53 |    62 ||   152

Table legend: (Time is in decaauts)
 A = Elapsed time spent in this place.
 B = Non-inter-level travel time spent in this place.
 C = Inter-level travel time spent in this place.
 D = Time resting spent in this place.
 E = Time spent auto-exploring this place.
 F = Levels seen in this place.
 G = Mean time per level.
                   A        B        C        D        E       F      G
               +--------+--------+--------+--------+--------+-----+--------+
         Total |   6441 |   6096 |    345 |    576 |   4298 |   9 |  715.7 |
       Dungeon |   6422 |   6077 |    345 |    576 |   4298 |   8 |  802.8 |
        Temple |     18 |     18 |      0 |      0 |      0 |   1 |   18.0 |
               +--------+--------+--------+--------+--------+-----+--------+

Top non-repeatable levels by time:
     D:5: 1250 daAuts
     D:7: 1131 daAuts
     D:6: 952 daAuts
     D:3: 768 daAuts
     D:2: 750 daAuts
     D:4: 709 daAuts
     D:1: 652 daAuts
     D:8: 205 daAuts
  Temple: 18 daAuts
